Map: Lerilak Crest

Players

LilDicky - Winner!

  • Race: Terran Terran
  • League: Diamond

IllIIllIlIlI

  • Race: Terran Terran
  • League: Diamond

VOD

http://www.twitch.tv/tumescentpie

Description

Time

  • Played on: Dec. 8, 2015, 9:02 a.m.
  • Length: 5:58
Show
View Real Time Build Order
Export as new Build Order

LilDicky Terran - Winner!

Build Orders: Banshee Rush 

Get SALT Encoding   

  12  0:01  SCV  
  13  0:13  SCV  
  14  0:22  Supply Depot  
  14  0:25  SCV  
  14  0:28  Refinery  
  15  0:44  SCV  
  15  0:48  Barracks  
  16  0:56  SCV  
  17  1:08  SCV  
  18  1:17  Refinery  
  18  1:20  SCV  
  20  1:36  Supply Depot  
  20  1:39  Reaper  
  21  1:41  Orbital Command  
  19  1:49  Factory  
  19  2:07  SCV  
  20  2:11  Marine  
  22  2:22  SCV  
  22  2:29  Marine  
  23  2:33  Factory Tech Lab, Starport  
  23  2:37  Supply Depot  
  23  2:59  Marine  
  24  3:14  SCV  
  24  3:18  Banshee, Cloaking Field  
  24  3:19  Command Center  
  28  3:22  Marine  
  28  3:26  Factory Tech Lab  
  29  3:31  SCV  
  30  3:46  Marine  
  30  3:49  Siege Tank  
  33  3:57  SCV  
  33  4:01  Banshee  
  37  4:05  Supply Depot  
  37  4:09  SCV  
  38  4:13  Marine  
  39  4:26  SCV  
  39  4:28  Refinery  
  39  4:30  Orbital Command  
  40  4:34  Siege Tank  
  43  4:38  SCV  
  44  4:51  SCV  
  45  4:56  Banshee  
  45  5:04  SCV x2  
  45  5:06  Factory, Siege Tank  
  50  5:08  Supply Depot  
  50  5:16  SCV  
Show
View Real Time Build Order
Export as new Build Order

IllIIllIlIlI Terran 

Build Orders: Command Center First (CC) 

Get SALT Encoding   

  12  0:00  SCV  
  13  0:13  SCV  
  14  0:19  Supply Depot  
  14  0:25  SCV  
  15  0:40  SCV  
  16  0:52  SCV  
  17  1:01  Command Center  
  17  1:05  SCV  
  18  1:15  Barracks  
  18  1:18  SCV  
  19  1:25  Refinery  
  19  1:31  SCV  
  20  1:39  Barracks  
  20  1:44  SCV  
  21  1:57  Supply Depot  
  21  2:02  Orbital Command  
  21  2:03  Marine  
  22  2:18  Orbital Command  
  22  2:23  Marine  
  22  2:29  SCV, Barracks Tech Lab  
  24  2:39  Engineering Bay  
  24  2:44  SCV x2  
  25  2:53  Barracks Reactor  
  25  2:54  Marine  
  25  2:56  SCV  
  27  3:03  SCV  
  28  3:09  SCV  
  29  3:13  Barracks  
  29  3:14  Barracks  
  29  3:15  SCV, Marine  
  29  3:18  Stimpack  
  31  3:21  SCV  
  32  3:27  SCV  
  32  3:32  Marine x2  
  32  3:33  SCV  
  32  3:34  Marine  
  36  3:39  SCV  
  38  3:45  SCV  
  39  3:51  SCV  
  39  3:55  Missile Turret  
  40  3:57  SCV  
  40  3:59  Factory  
  40  4:00  Refinery  
  41  4:03  SCV  
  41  4:04  Missile Turret x2  
  41  4:09  SCV  
  43  4:14  Supply Depot  
  43  4:15  SCV  
  44  4:21  SCV  
  44  4:23  Marine  
  46  4:25  Missile Turret  
  46  4:29  Missile Turret  
  46  4:36  Marine x3  
  49  4:40  Supply Depot  
  49  4:43  SCV  
  49  4:44  SCV  
  50  4:51  Marine x2  
  50  4:53  Marine  
  50  4:59  SCV  
  52  5:00  SCV  
  52  5:09  Factory Reactor  
  52  5:12  SCV x2, Starport  
  52  5:13  Refinery x2  
  54  5:15  Supply Depot  
  54  5:18  Command Center  
  54  5:28  SCV x2  
Tags
 
Add a new tag
Caveats
  • Supply blocks, unpowered buildings, or Contaminate may cause inaccurate times.
  • Supply counts are checked every 10 seconds.